 Dungeon Crawl Stone Soup version 0.30-a0-939-gc8157cb160 (webtiles) character file.

Game seed: 8615003654566438791

6926 Morbidden the Destroyer (level 10, -10/74 HPs)
             Began as a Demonspawn Conjurer on Mar 25, 2023.
             Was a Priest of Qazlal.
             Mangled by a black bear (12 damage)
             ... on level 9 of the Dungeon.
             The game lasted 00:12:44 (10297 turns).

Morbidden the Destroyer (Demonspawn Conjurer)      Turns: 10297, Time: 00:12:45

Health: -10/74     AC:  0    Str:  7    XL:     10   Next: 80%
Magic:  21/21      EV: 13    Int: 24    God:    Qazlal [***...]
Gold:   455        SH:  0    Dex: 12    Spells: 16/23 levels left

rFire   + . .      SeeInvis .    a - +6 long sword of Accord {drain, rF+}
rCold   . . .      Faith    .    (no shield)
rNeg    . . .      Spirit   .    l - +0 leather armour
rPois   .          Reflect  .    (no helmet)
rElec   .          Rampage  .    (no cloak)
rCorr   .                        (no gloves)
Will    +....                    (no boots)
Stlth   +                        k - amulet of magic regeneration
HPRegen 0.32/turn                E - ring of willpower
MPRegen 0.57/turn                (no ring)

@: confused, ambrosia-drunk, corroded
A: claws 1, large bone plates 2
a: Renounce Religion, Upheaval, Elemental Force


You were on level 9 of the Dungeon.
You worshipped Qazlal.
Qazlal was most pleased with you.
You visited 2 branches of the dungeon, and saw 10 of its levels.

You collected 455 gold pieces.

Inventory:

Hand Weapons
 a - the +6 long sword of Accord (weapon) {drain, rF+}
   (You took it off an orc on level 8 of the Dungeon)

   rF:        It protects you from fire.
Missiles
 g - 37 poisoned darts (quivered)
 B - a curare-tipped dart
 D - 16 boomerangs of dispersal
Armour
 l - a +0 leather armour (worn)
Jewellery
 k - an amulet of magic regeneration (around neck)
 E - a ring of willpower (left claw)
Wands
 w - a wand of flame (12)
Scrolls
 d - 3 scrolls of enchant armour {unknown}
 e - 2 scrolls of butterflies {unknown}
 f - 8 scrolls of identify {unknown}
 h - 3 scrolls of amnesia {unknown}
 i - a scroll of blinking {unknown}
 j - 3 scrolls of teleportation {unknown}
 n - a scroll of enchant weapon {unknown}
 q - 2 scrolls of noise {unknown}
 t - 4 scrolls of fear {unknown}
 v - a scroll of immolation {unknown}
 y - a scroll of magic mapping {unknown}
 F - 2 scrolls of fog {unknown}
 G - 3 scrolls of vulnerability {unknown}
Potions
 b - 2 potions of magic
 c - a potion of cancellation {unknown}
 m - 2 potions of flight {unknown}
 o - a potion of haste
 p - 2 potions of curing
 r - a potion of brilliance {unknown}
 s - 2 potions of might {unknown}
 u - a potion of degeneration {unknown}
 x - a potion of berserk rage {unknown}
 A - a potion of attraction {unknown}
 C - 2 potions of mutation {unknown}
 H - a potion of lignification {unknown}


   Skills:
 * Level 5.1 Fighting
 * Level 2.1 Long Blades
 + Level 1.3 Throwing
 * Level 4.9 Armour
 * Level 5.1 Dodging
 + Level 3.4 Stealth
 + Level 1.6 Shields
 + Level 3.9 Unarmed Combat
 * Level 7.4 Spellcasting
 * Level 8.1 Conjurations
 * Level 3.7 Translocations
 * Level 4.6 Invocations
 + Level 0.2 Evocations


You had 16 spell levels left.
You knew the following spells:

 Your Spells              Type           Power      Damage    Failure   Level
a - Magic Dart            Conj           100%       1d8       1%          1
b - Searing Ray           Conj           96%        2d7       1%          2
z - Iskenderun's Mystic   Conj/Tloc      37%        2d9       9%          4

Your spell library contained the following spells:

 Spells                   Type           Power      Damage    Failure   Level
 Foxfire                  Conj/Fire      100%       2x1d9     1%          1
 Dazzling Flash           Conj/Hex       56%        N/A       5%          3
 Sublimation of Blood     Necr           8%         N/A       14%         2
 Wereblood                Tmut           8%         N/A       14%         2
 Portal Projectile        Hex/Tloc       34%        N/A       14%         3
 Fulminant Prism          Conj/Hex       14%        3d8       19%         4
 Passage of Golubria      Tloc           27%        N/A       21%         4
 Tukima's Dance           Hex            8%         N/A       28%         3
 Fireball                 Conj/Fire      14%        3d8       45%         5
 Blade Hands              Tmut           4%         N/A       95%         5
 Silence                  Hex/Air        4%         N/A       95%         5
 Starburst                Conj/Fire      14%        6d6       95%         6
 Summon Hydra             Summ           4%         N/A       100%        7
 Borgnjor's Revivificati  Necr           4%         N/A       100%        8
 Lehudib's Crystal Spear  Conj/Erth      14%        10d5      100%        8
 Necromutation            Tmut/Necr      4%         N/A       100%        8
 Death's Door             Necr           4%         N/A       100%        9


Dungeon Overview and Level Annotations

Branches:
Dungeon (9/15)             Temple (1/1) D:5             Orc (0/2) D:9
   Lair: D:8-11

Altars:
Ashenzari
Cheibriados
Fedhas
Gozag
Kikubaaqudgha
Makhleb
Nemelex Xobeh
Okawaru
Qazlal
Sif Muna
Uskayaw
Vehumet
Wu Jian
Xom
Yredelemnul


Innate Abilities, Weirdness & Mutations

You have sharp fingernails.
You are mostly covered in large bone plates. (SH +6)


Message History

Okay, then.
It was a potion of ambrosia.
You are confused.
You feel invigorated. The acid dragon closely misses you. x2
The black bear bites you.
* * * LOW HITPOINT WARNING * * *
The black bear misses you. x2
You're too confused to cast spells.
Unknown command.
Unknown command.
You're too confused to cast spells.
You're too confused to cast spells.
Unknown command.
Unknown command.
Unknown command.
You're too confused to cast spells.
You're too confused to cast spells.
Unknown command.
Okay, then.
You hit the acid dragon but do no damage.
The acid dragon is moderately wounded.
The black bear closely misses you. The black bear claws you.
* * * LOW HITPOINT WARNING * * *
The black bear claws you.
* * * LOW HITPOINT WARNING * * *
The acid dragon barely misses you. The acid dragon closely misses you.
An orc comes into view.
It is wielding a +0 club and carrying a wand of quicksilver (6).
The black bear closely misses you. The black bear misses you.
The black bear claws you.
* * * LOW HITPOINT WARNING * * *
Unknown command.
Unknown command.
You completely miss the acid dragon.
The acid dragon is moderately wounded.
The black bear closely misses you. The black bear claws you.
* * * LOW HITPOINT WARNING * * *
The black bear barely misses you. The acid dragon bites you!
* * * LOW HITPOINT WARNING * * *
The acid dragon closely misses you. The black bear bites you!
You die...

#.....<.gF...# #.####..
#........Y...###.......
#.....o>...>z....####..
##..........###.## #..
##....#...###..# ...
####)#######.#####z..
#)# ##..##.)YF). #h#
#......##gg. #@#
#...#### . #D# #.###
#.# ##.# #.# #..### #.
#.####.... ...
#.#...... #.## #.#.##.#
#.... #.#.#..#####...#
#......##.....#


You could see a black bear (berserk), an acid dragon (drained) and an orc.

Vanquished Creatures
  2 two-headed ogres (D:8)
  2 hornets
  A wraith (D:7)
  3 wyverns
  A yak (D:9)
  A steam dragon (D:9)
  An acid dragon (D:8)
  A warg (D:9)
  2 water moccasins
  A black bear (D:6)
  3 sky beasts
  4 orc warriors
  An ice beast (D:5)
  2 ogres
  2 centaurs (D:7)
  A phantom (D:7)
  5 kobold brigands (D:7)
  A gnoll sergeant (D:9)
  4 scorpions
  7 bullfrogs
  5 wights (D:9)
  13 killer bees
  A howler monkey (D:4)
  An electric eel (D:7)
  3 hounds
  8 orc priests
  4 iguanas
  6 orc wizards
  Natasha (twice) (D:3)
  7 adders
  5 gnolls (D:9)
  A shadow imp (D:5)
  A white imp (D:6)
  9 worms
  A dart slug (D:2)
  35 orcs
  6 ball pythons
  2 bats (D:3)
  4 endoplasms
  3 giant cockroaches
  6 goblins
  6 hobgoblins
  3 jackals (D:4)
  3 quokkas
  A frilled lizard (D:3)
  25 kobolds
  3 rats
209 creatures vanquished.

Vanquished Creatures (others)
  57 fungi
  55 plants (D:9)
112 creatures vanquished.

Grand Total: 321 creatures vanquished

Notes
Turn   | Place    | Note
-------+----------+-------------------------------------------
     0 | D:1      | Morbidden the Demonspawn Conjurer began the quest for the
                  | Orb.
     0 | D:1      | Reached XP level 1. HP: 13/13 MP: 3/3
     3 | D:1      | Noticed an electric eel
     4 | D:1      | Noticed an electric eel
   369 | D:1      | Reached skill level 1 in Fighting
   967 | D:2      | Found a faded altar of an unknown god.
   985 | D:2      | Gained mutation: You have sharp fingernails. [demonic
                  | ancestry]
   985 | D:2      | Reached XP level 2. HP: 17/21 MP: 0/5
  1079 | D:2      | Learned a level 2 spell: Searing Ray
  1143 | D:2      | Reached XP level 3. HP: 26/26 MP: 4/6
  2024 | D:3      | Reached skill level 1 in Armour
  2046 | D:3      | Gained mutation: You are partially covered in large bone
                  | plates. (SH +4) [demonic ancestry]
  2046 | D:3      | Reached XP level 4. HP: 32/32 MP: 5/7
  2325 | D:3      | Noticed Natasha
  2329 | D:3      | Killed Natasha
  2430 | D:3      | Reached XP level 5. HP: 37/37 MP: 7/9
  2483 | D:3      | Found an ancient bone altar of Kikubaaqudgha.
  2604 | D:3      | Noticed Natasha
  2610 | D:3      | Killed Natasha
  2707 | D:4      | Reached skill level 1 in Unarmed Combat
  2761 | D:4      | Noticed a sky beast
  2773 | D:4      | Killed a sky beast
  2774 | D:4      | Reached skill level 5 in Conjurations
  2774 | D:4      | Reached XP level 6. HP: 18/44 MP: 3/11
  3057 | D:4      | Learned a level 4 spell: Iskenderun's Mystic Blast
  3688 | D:5      | Entered Level 5 of the Dungeon
  4066 | D:5      | Noticed an ice beast
  4071 | D:5      | Killed an ice beast
  4190 | D:5      | Found a staircase to the Ecumenical Temple.
  4340 | Temple   | Entered the Ecumenical Temple
  4481 | Temple   | Became a worshipper of Qazlal Stormbringer
  4568 | D:5      | Reached XP level 7. HP: 46/50 MP: 5/12
  4830 | D:5      | Reached skill level 1 in Translocations
  5386 | D:6      | Reached skill level 1 in Invocations
  5456 | D:6      | Reached XP level 8. HP: 51/57 MP: 7/14
  5905 | D:6      | Reached skill level 6 in Conjurations
  6904 | D:7      | Reached skill level 5 in Spellcasting
  6904 | D:7      | Reached * piety under Qazlal
  7125 | D:7      | Reached XP level 9. HP: 60/64 MP: 11/16
  7448 | D:7      | Reached skill level 7 in Conjurations
  7625 | D:7      | Reached ** piety under Qazlal
  8171 | D:8      | Noticed a two-headed ogre
  8188 | D:8      | Noticed a two-headed ogre
  8226 | D:8      | Killed a two-headed ogre
  8227 | D:8      | Reached skill level 1 in Shields
  8238 | D:8      | Killed a two-headed ogre
  8239 | D:8      | Gained mutation: You are mostly covered in large bone
                  | plates. (SH +6) [demonic ancestry]
  8239 | D:8      | Reached XP level 10. HP: 27/73 MP: 8/19
  8692 | D:8      | Identified the +6 long sword of Accord {drain, rF+}
  9433 | D:9      | Reached skill level 5 in Dodging
  9443 | D:9      | Found a staircase to the Orcish Mines.
  9981 | D:9      | Reached skill level 1 in Long Blades
  9982 | D:9      | Reached skill level 1 in Throwing
  9988 | D:9      | Identified the +2 plate armour of Sharp Amelioration
                  | {Regen+ rCorr Str-2 Int+2}
  9996 | D:9      | Reached *** piety under Qazlal
 10003 | D:9      | Reached skill level 5 in Fighting
 10010 | D:9      | Reached skill level 8 in Conjurations
 10012 | D:9      | HP: 3/74 [gnoll sergeant/+0 spear (6)]
 10028 | D:9      | HP: 3/74 [gnoll sergeant/+0 spear (5)]
 10297 | D:9      | HP: 2/74 [acid dragon (10)]
 10297 | D:9      | Mangled by a black bear

Illustrated notes

Levels and vault maps discovered:
D:1:      arrival_aquarium_b, layout_loops_ring
D:2:      layout_loops_corners, nicolae_ecumenical_pavilion
D:3:      layout_basic, mainiacjoe_overflow_cross_hatched, minmay_ruptured,
          uniq_natasha
D:4:      layout_basic, serial_aquarium, aquarium_bridge_square
          [aquarium_subvault_wall, aquarium_subvault_bridge,
          aquarium_subvault_wall, aquarium_subvault_bridge],
          aquarium_bridge_square [aquarium_subvault_bridge,
          aquarium_subvault_wall, aquarium_subvault_window,
          aquarium_subvault_bridge], aquarium_window_2,
          aquarium_window_corridor_1, aquarium_window_1, aquarium_window_corner,
          aquarium_view_2d, aquarium_balcony_1b, aquarium_pool_corner,
          nicolae_wormholes
D:5:      layout_layer_cave, temple_green, hangedman_abyss_or_decor_lesser_grid,
          kennysheep_generic_room_3
D:6:      layout_loops_ring, chequers_hall_statues_y
D:7:      cheibrodos_helix_gallery, layout_rooms, minmay_unpleasant_kobolds
D:8:      layout_basic
D:9:      layout_rooms, due_lair_maze_entry_diamond, david_orc_3
Temple:   mainiacjoe_temple_hex_bubbles

Skill      XL: |  1  2  3  4  5  6  7  8  9 10 |
---------------+-------------------------------+-----
Fighting       | 1 2 3 4 5 |  5.1
Armour         | 1 2 3 4 |  4.9
Dodging        | 2 3 4 5 |  5.1
Spellcasting   | 3 4 5 6 7 |  7.4
Unarmed Combat | 1 2 3 |  3.9
Conjurations   | 5 6 7 8 |  8.1
Stealth        | 2 3 |  3.4
Translocations | 1 2 3 |  3.7
Invocations    | 1 3 4 |  4.6
Shields        | 1 |  1.6
Long Blades    | 2 |  2.1
Throwing       | 1 |  1.3
Evocations     | |  0.2

Action                     |  1- 3 |  4- 6 |  7- 9 | 10-12 || total
---------------------------+-------+-------+-------+-------++-------
  Melee: Unarmed           |    31 |       |       |       ||    31
         Punch             |     1 |       |       |       ||     1
         Long sword        |       |       |       |    15 ||    15
  Throw: Dart              |       |       |     7 |     4 ||    11
   Cast: Magic Dart        |    62 |   123 |   104 |    36 ||   325
         Searing Ray       |       |     9 |    68 |    34 ||   111
         Iskenderun's Myst |       |       |     1 |     9 ||    10
  Evoke: Wand              |       |       |     3 |       ||     3
    Use: Potion            |       |       |     5 |     4 ||     9
 Armour: Robe              |     7 |       |       |       ||     7
         Leather armour    |       |     1 |    16 |     4 ||    21
  Dodge: Dodged            |    26 |    12 |    66 |    47 ||   151
  Block: Other             |       |     4 |    38 |    21 ||    63

Table legend: (Time is in decaauts)
 A = Elapsed time spent in this place.
 B = Non-inter-level travel time spent in this place.
 C = Inter-level travel time spent in this place.
 D = Time resting spent in this place.
 E = Time spent auto-exploring this place.
 F = Levels seen in this place.
 G = Mean time per level.
                   A        B        C        D        E       F      G
               +--------+--------+--------+--------+--------+-----+--------+
         Total |  10279 |   9858 |    421 |   1177 |   7478 |  10 | 1027.9 |
       Dungeon |  10101 |   9715 |    386 |   1177 |   7341 |   9 | 1122.3 |
        Temple |    177 |    142 |     35 |      0 |    137 |   1 |  177.0 |
               +--------+--------+--------+--------+--------+-----+--------+

Top non-repeatable levels by time:
     D:8: 1745 daAuts
     D:5: 1446 daAuts
     D:7: 1432 daAuts
     D:6: 1290 daAuts
     D:2: 1048 daAuts
     D:4: 984 daAuts
     D:1: 967 daAuts
     D:3: 686 daAuts
     D:9: 499 daAuts
  Temple: 177 daAuts
